 Dungeon Crawl Stone Soup version 0.23.2-1-ga50397a (webtiles) character file.

Game seed: 15667701930665044775

413 GEC the Skirmisher (level 6, -7/57 HPs)
             Began as a Ghoul Monk on Apr 28, 2019.
             Killed by divine providence
             ... invoked by an orc priest
              (12 damage)
             ... on level 4 of the Dungeon.
             The game lasted 00:11:02 (3780 turns).

GEC the Skirmisher (Ghoul Monk)                     Turns: 3780, Time: 00:11:03

Health: -7/57      AC:  7    Str: 17      XL:     6   Next: 91%
Magic:  5/5        EV: 13    Int:  4 (5)  God:
Gold:   169        SH:  0    Dex: 10 (11) Spells: 5/5 levels left

rFire    + . .     SeeInvis .   e - +1 flail (drain)
rCold    + . .     Gourm    .   (no shield)
rNeg     + + +     Faith    .   r - +0 robe {MR+}
rPois    ∞         Spirit   .   (no helmet)
rElec    .         Reflect  .   j - +0 cloak
rCorr    .         Harm     .   h - +0 pair of gloves
MR       +....                  k - +2 pair of boots
Stlth    +++.......             (no amulet)
HPRegen  0.00/turn              n - ring of protection from fire
MPRegen  0.09/turn              u - ring of stealth

@: rotting
A: rotting body, claws 1, carnivore, cold resistance 1, negative energy
resistance 3, inhibited regeneration, torment resistance, unbreathing
a: no special abilities


You were on level 4 of the Dungeon.
You were not hungry.

You visited 1 branch of the dungeon, and saw 4 of its levels.

You collected 169 gold pieces.

Inventory:

Hand Weapons
 a - a +0 mace
 e - a +1 flail of draining (weapon)
Armour
 h - a +0 pair of gloves (worn)
 j - a +0 cloak (worn)
 k - a +2 pair of boots (worn)
 l - a +0 leather armour
 r - a +0 robe of magic resistance (worn)
Jewellery
 n - a ring of protection from fire (left hand)
 u - a ring of stealth (right hand)
Scrolls
 d - a scroll of blinking
 g - 6 scrolls of remove curse
 i - 2 scrolls of enchant weapon {unknown}
 m - 2 scrolls of fog {unknown}
 o - 2 scrolls of teleportation
 p - a scroll of fear {unknown}
 s - a scroll of amnesia {unknown}
 t - 3 scrolls of enchant armour {unknown}
Potions
 f - 2 potions of curing
 v - a potion of resistance {unknown}
 w - a potion of flight {unknown}
Comestibles
 c - 8 rations


   Skills:
 * Level 5.6 Fighting
 + Level 4.0 Maces & Flails
 + Level 3.9 Dodging
 + Level 4.0 Stealth


You had 5 spell levels left.
You didn't know any spells.
Your spell library was empty.

Dungeon Overview and Level Annotations

Branches:
Dungeon (4/15)
 Temple: D:4-7

Altars:
Cheibriados


Innate Abilities, Weirdness & Mutations

Your body is rotting away.
You thrive on raw meat.
You are immune to poison.
You have sharp fingernails.
You are carnivorous and can eat meat at any time.
Your flesh is cold resistant. (rC+)
You are immune to negative energy. (rN+++)
You do not regenerate when monsters are visible.
You are immune to unholy pain and torment.
You can survive without breathing.


Message History

The orc priest hits you with a +0 flail!
* * * LOW HITPOINT WARNING * * *
The orc closely misses you.
An orc wizard comes into view. It is wielding a +0 dagger.
You barely miss the orc priest.
The orc priest is almost dead.
The orc hits you with a +0 dagger.
* * * LOW HITPOINT WARNING * * *
The orc priest looks encouraged for a moment.
The orc closely misses you.
You hit the orc priest.
The orc priest is almost dead.
The orc priest hits you with a +0 flail.
* * * LOW HITPOINT WARNING * * *
The orc hits you but does no damage.
You completely miss the orc priest.
The orc priest is almost dead.
The orc priest mumbles some strange prayers to Beogh against you.
Beogh smites you!
You die...

..# ##..# ..## ##.##
.[)### #..# .#.[.####
##.##### .###....###
#.....### .#
####...#######...########
## ###......####<##.....#
# ######.(o##.##.....#
###@##.......<#
#o#####.....#
##oh.###.....#
##.ZaS....>..##
##....o.o......##
#...............#
#..........hZ<..#
#...............#
#..........h....#


You could see a worker ant, an orc priest, an orc wizard, an adder, 2 orcs, a
jackal and a hound skeleton.

Vanquished Creatures
  A phantom (D:4)
  An orc priest (D:4)
  2 orc wizards (D:4)
  Jessica (D:2)
  A worker ant (D:4)
  A hound skeleton (D:4)
  5 adders
  3 worms
  A dart slug (D:1)
  3 leopard geckos
  9 orcs
  A ball python (D:1)
  11 giant cockroaches
  4 goblins
  10 hobgoblins
  11 jackals
  7 kobolds
  A quokka (D:2)
  8 bats
  3 frilled lizards
  8 rats
92 creatures vanquished.

Vanquished Creatures (others)
  An orc wizard (D:4)
1 creature vanquished.

Grand Total: 93 creatures vanquished

Notes
Turn   | Place    | Note
-------+----------+-------------------------------------------
     0 | D:1      | GEC the Ghoul Monk began the quest for the Orb.
     0 | D:1      | Reached XP level 1. HP: 19/19 MP: 0/0
   123 | D:1      | Reached XP level 2. HP: 22/26 MP: 1/1
   682 | D:1      | Reached XP level 3. HP: 33/33 MP: 2/2
  1228 | D:2      | Noticed Jessica
  1248 | D:2      | Killed Jessica
  1248 | D:2      | Reached skill level 4 in Fighting
  1248 | D:2      | Reached XP level 4. HP: 33/40 MP: 3/3
  2445 | D:3      | Reached XP level 5. HP: 47/47 MP: 4/4
  2533 | D:4      | Noticed a phantom
  2570 | D:4      | Killed a phantom
  2570 | D:4      | Reached skill level 5 in Fighting
  2730 | D:4      | Reached XP level 6. HP: 53/56 MP: 5/5
  3053 | D:4      | Found a snail-covered altar of Cheibriados.
  3780 | D:4      | Killed from afar by an orc priest

Skill      XL: |  1  2  3  4  5  6 |
---------------+-------------------+-----
Maces & Flails | 3 4 |  4.0
Dodging        | 3 |  3.9
Fighting       | 4 5 |  5.6
Stealth        | 3 4 |  4.0

Action                   |  1- 3 |  4- 6 || total
-------------------------+-------+-------++-------
Melee: Mace              |    96 |   248 ||   344
       Flail             |       |    46 ||    46
  Use: Scroll            |       |     7 ||     7
       Potion            |       |     3 ||     3
 Stab: Sleeping          |     3 |     9 ||    12
       Invisible         |       |     1 ||     1
  Eat: Chunk             |     4 |    14 ||    18
Armor: Robe              |     3 |   105 ||   108
       Leather armour    |    28 |     2 ||    30
Dodge: Dodged            |    82 |   238 ||   320
